 Dungeon Crawl Stone Soup version 0.31-a0-659-gc5a091b79a (webtiles) character file.

Game seed: 1119216336260214437

113 MacCMillion the Shield-Bearer (level 4, -3/38 HPs)
             Began as a Ghoul Fighter on Aug 31, 2023.
             Slain by a sky beast (5 damage)
             ... on level 4 of the Dungeon.
             The game lasted 00:03:52 (2616 turns).

MacCMillion the Shield-Bearer (Ghoul Fighter)       Turns: 2616, Time: 00:03:52

Health: -3/38      AC: 11    Str: 21    XL:     4   Next: 96%
Magic:  3/3        EV:  5    Int:  3    God:
Gold:   84         SH:  9    Dex:  8    Spells: 3/3 levels left

rFire   . . .        a - +0 war axe
rCold   + . .        c - +0 buckler
rNeg    + + +        t - +0 plate armour
rPois   ∞            (no helmet)
rElec   .            (no cloak)
rCorr   .            (no gloves)
SInv    .            (no boots)
Will    .....        o - amulet of reflection Stlth
                     (no ring)
HPRegen 0.00/turn    (no ring)
MPRegen 0.08/turn

%: reflection
@: inhibited regen
A: claws 1, cold resistance 1, negative energy resistance 3, inhibited
regeneration, torment resistance 2, devour on kill
a: no special abilities


You were on level 4 of the Dungeon.
You visited 1 branch of the dungeon, and saw 4 of its levels.

You collected 84 gold pieces.

Inventory:

Hand Weapons
 a - a +0 war axe (weapon)
Missiles
 l - a throwing net
Armour
 b - a +0 scale mail
 c - a +0 buckler (worn)
 r - a +0 chain mail
 t - a +0 plate armour (worn)
Jewellery
 f - a ring of ice
 o - an amulet of reflection (around neck)
Scrolls
 e - a scroll of enchant armour {unknown}
 g - 2 scrolls of teleportation {unknown}
 h - a scroll of blinking {unknown}
 i - 2 scrolls of fear {unknown}
 j - 7 scrolls of identify {unknown}
 k - 3 scrolls of poison {unknown}
 m - a scroll of fog {unknown}
 q - a scroll of enchant weapon {unknown}
Potions
 d - 3 potions of might
 n - a potion of attraction {unknown}
 p - a potion of brilliance {unknown}
 s - a potion of degeneration {unknown}
 u - a potion of berserk rage {unknown}


   Skills:
 - Level 3.2 Fighting
 + Level 3.4 Axes
 - Level 2.6 Armour
 - Level 4.0 Shields


You had 3 spell levels left.
You didn't know any spells.
Your spell library contained the following spells:

 Spells                   Type           Power      Damage    Failure   Level
 Static Discharge         Conj/Air       0%         2-2/arc   100%        2
 Airstrike                Air            0%         2d(0-16)  100%        4
 Summon Lightning Spire   Summ/Air       0%         N/A       100%        4


Dungeon Overview and Level Annotations

Branches:
Dungeon (4/15)
 Temple: D:4-7

Altars:

Annotations:
D:2 Sigmund


Innate Abilities, Weirdness & Mutations

You are immune to poison.
You have sharp fingernails.
Your flesh is cold resistant. (rC+)
You are immune to negative energy. (rN+++)
You do not regenerate when monsters are visible.
You are immune to unholy pain and torment.
You thrive by killing the living.


Message History

The sky beast is moderately wounded.
The sky beast hits you but does no damage.
You barely miss the sky beast.
The sky beast is moderately wounded.
You block the sky beast's attack.
The sky beast flickers out of sight!
Deactivating autopickup; reactivate with Ctrl-A.
Something hits you but does no damage.
You barely miss something. Something hits you but does no damage.
You miss something. Something hits you but does no damage.
You barely miss something. Something hits you. Something shocks you.
Something hits you but does no damage.
You miss something.
A sky beast appears from thin air!
Reactivating autopickup.
You block the sky beast's attack.
You barely miss the sky beast.
The sky beast is moderately wounded.
The sky beast hits you but does no damage.
You hit the sky beast but do no damage.
The sky beast is moderately wounded.
You block the sky beast's attack.
The sky beast hits you but does no damage.
You slash the sky beast!
The sky beast is severely wounded.
The sky beast flickers out of sight!
Deactivating autopickup; reactivate with Ctrl-A.
You block something's attack.
You barely miss something. Something hits you but does no damage.
Unknown command.
You miss something. Something hits you but does no damage. Something hits you.
Something shocks you.
* * * LOW HITPOINT WARNING * * *
You closely miss something. Something hits you but does no damage.
You miss something. Something hits you but does no damage. Something hits you.
* * * LOW HITPOINT WARNING * * *
Something shocks you.
* * * LOW HITPOINT WARNING * * *
You miss something. Something hits you.
* * * LOW HITPOINT WARNING * * *
Something shocks you.
You die...

##### #.<.##
#..@.#
#....{.#
##......#
#.........
##....#.....
#....#.....
#....# #.8.
#....# #..


There were no monsters in sight!

Vanquished Creatures
  5 gnolls
  2 dart slugs
  2 orcs (D:3)
  5 ball pythons
  3 bats
  3 endoplasms
  6 goblins
  10 hobgoblins
  4 jackals (D:3)
  4 kobolds
  2 quokkas
  5 frilled lizards
  6 rats
57 creatures vanquished.

Notes
Turn   | Place    | Note
-------+----------+-------------------------------------------
     0 | D:1      | MacCMillion the Ghoul Fighter began the quest for the Orb.
     0 | D:1      | Reached XP level 1. HP: 19/19 MP: 0/0
   182 | D:1      | Reached skill level 3 in Shields
   182 | D:1      | Reached XP level 2. HP: 26/26 MP: 1/1
   765 | D:2      | Reached XP level 3. HP: 12/31 MP: 2/2
  1568 | D:2      | Found a faded altar of an unknown god.
  1598 | D:2      | Noticed Sigmund
  1830 | D:3      | Reached XP level 4. HP: 30/38 MP: 3/3
  2344 | D:3      | Reached skill level 4 in Shields
  2596 | D:4      | Noticed a sky beast
  2616 | D:4      | Slain by a sky beast

Illustrated notes

Levels and vault maps discovered:
D:1:      spicycebolla_green_bress_n_ham, layout_loops_ring,
          kennysheep_another_room
D:2:      minmay_angry_zag, layout_basic,
          shapermc_ecumenical_altar_mp_urbaneastern, minivault_27, uniq_sigmund
D:3:      layout_rooms, minmay_crystal_room
D:4:      layout_cave_pools, trog_antimagical, mainiacjoe_overflow_alcove_1,
          gammafunk_ghost_split, uniq_robin

Skill      XL: |  1  2  3  4 |
---------------+-------------+-----
Axes           | 2 3 |  3.4
Shields        | 3 4 |  4.0
Fighting       | |  3.2
Armour         | |  2.6

Action                     |  1- 3 |  4- 6 || total
---------------------------+-------+-------++-------
  Melee: War axe           |    78 |    97 ||   175
 Armour: Scale mail        |    64 |    43 ||   107
         Plate armour      |       |    19 ||    19
         Chain mail        |       |    12 ||    12
  Dodge: Dodged            |    31 |    45 ||    76
  Block: Buckler           |    21 |    55 ||    76

Table legend: (Time is in decaauts)
 A = Elapsed time spent in this place.
 B = Non-inter-level travel time spent in this place.
 C = Inter-level travel time spent in this place.
 D = Time resting spent in this place.
 E = Time spent auto-exploring this place.
 F = Levels seen in this place.
 G = Mean time per level.
                   A        B        C        D        E       F      G
               +--------+--------+--------+--------+--------+-----+--------+
         Total |   2684 |   2582 |    102 |    240 |   1783 |   4 |  671.0 |
       Dungeon |   2684 |   2582 |    102 |    240 |   1783 |   4 |  671.0 |
               +--------+--------+--------+--------+--------+-----+--------+

Top non-repeatable levels by time:
     D:2: 1048 daAuts
     D:3: 833 daAuts
     D:1: 777 daAuts
     D:4: 25 daAuts
